 Dungeon Crawl Stone Soup version 0.31-a0-1159-g800acc2fd1 (webtiles) character file.

Game seed: 12895271841034605197

76 Malachi the Magician (level 4, 0/30 HPs)
             Began as a Mummy Ice Elementalist on Dec 8, 2023.
             Slain by Natasha (9 damage)
             ... on level 3 of the Dungeon.
             The game lasted 00:02:35 (2579 turns).

Malachi the Magician (Mummy Ice Elementalist)       Turns: 2579, Time: 00:02:36

Health: 0/30       AC:  3    Str: 11    XL:     4   Next: 12%
Magic:  10/10      EV: 12    Int: 16    God:
Gold:   86         SH:  0    Dex: 12    Spells: 7/11 levels left

rFire   x . .        i - +0 sling
rCold   + . .        (no shield)
rNeg    + + +        a - +0 robe
rPois   ∞            (no helmet)
rElec   .            g - +0 cloak
rCorr   .            (no gloves)
SInv    .            (no boots)
Will    .....        (no amulet)
Stlth   ++           (no ring)
HPRegen 0.25/turn    (no ring)
MPRegen 0.12/turn

%: faith
@: no status effects
A: cold resistance 1, negative energy resistance 3, torment resistance 2, heat
vulnerability 1, in touch with death 1, no potions, faith
a: no special abilities


You were on level 3 of the Dungeon.
You visited 1 branch of the dungeon, and saw 3 of its levels.

You collected 86 gold pieces.

Inventory:

Hand Weapons
 i - a +0 sling (weapon)
 j - a +2 dagger of draining
 m - the +4 whip "No More Talking" {heavy, rF+ Will+ Str+3 Dex-4}
   (You found it on level 3 of the Dungeon)

   Str+3:     It affects your strength (+3).
   Dex-4:     It affects your dexterity (-4).
   rF+:       It protects you from fire.
   Will+:     It increases your willpower.
Armour
 a - a +0 robe (worn)
 g - a +0 cloak (worn)
Jewellery
 h - a ring of ice
Scrolls
 b - 2 scrolls of teleportation {unknown}
 c - 2 scrolls of identify {unknown}
 d - a scroll of immolation {unknown}
 e - 2 scrolls of butterflies {unknown}
 f - a scroll of fog {unknown}
 k - a scroll of silence {unknown}
 l - a scroll of brand weapon {unknown}


   Skills:
 - Level 1.5 Dodging
 - Level 1.5 Stealth
 + Level 4.3 Spellcasting
 + Level 4.0 Ice Magic


You had 7 spell levels left.
You knew the following spells:

 Your Spells              Type           Power      Damage    Failure   Level
a - Freeze                Ice            64%        1d7       3%          1
b - Frozen Ramparts       Ice            32%        1d5       10%         3

Your spell library contained the following spells:

 Spells                   Type           Power      Damage    Failure   Level
 Ozocubu's Armour         Ice            16%        N/A       10%         3
 Summon Ice Beast         Ice/Summ       9%         N/A       56%         4


Dungeon Overview and Level Annotations

Branches:
Dungeon (3/15)

Altars:

Annotations:
D:3 Natasha


Innate Abilities, Weirdness & Mutations

You are immune to poison.
Your flesh is cold resistant. (rC+)
You are immune to negative energy. (rN+++)
You are immune to unholy pain and torment.
You are vulnerable to heat. (rF-)
You are in touch with the powers of death.
You do not drink.
You have a special connection with the divine. (Faith)


Message History

The magic dart hits you! Natasha barely misses you.
Fire: i) +0 sling
Press: ? - help, Q - select action, (/) - cycle Shift-Dir - straight line, f/p - Natasha
Aim: Natasha (moderately wounded, 43% to hit)
You shoot a sling bullet. The sling bullet hits Natasha.
Natasha is heavily wounded.
Natasha closely misses you.
Fire: i) +0 sling
Press: ? - help, Q - select action, (/) - cycle Shift-Dir - straight line, f/p - Natasha
Aim: Natasha (heavily wounded, 43% to hit)
You shoot a sling bullet. The sling bullet hits Natasha.
Natasha is heavily wounded.
Natasha stares at you and mumbles some strange words.
The magic dart hits you.
Natasha mumbles some strange words.
Fire: i) +0 sling
Press: ? - help, Q - select action, (/) - cycle Shift-Dir - straight line, f/p - Natasha
Aim: Natasha (heavily wounded, 43% to hit)
You shoot a sling bullet.
The sling bullet closely misses Natasha.
Natasha barely misses you. The cerulean imp barely misses you.
Fire: i) +0 sling
Press: ? - help, Q - select action, (/) - cycle Shift-Dir - straight line, f/p - Natasha
Aim: Natasha (heavily wounded, 43% to hit)
You shoot a sling bullet.
The sling bullet hits Natasha but does no damage.
Natasha is heavily wounded.
The cerulean imp hits you with a +1 spear.
Natasha claws you.
Fire: i) +0 sling
Press: ? - help, Q - select action, (/) - cycle Shift-Dir - straight line, f/p - Natasha
Aim: Natasha (heavily wounded, 43% to hit)
You shoot a sling bullet.
The sling bullet closely misses Natasha.
The cerulean imp hits you with a +1 spear.
* * * LOW HITPOINT WARNING * * *
Natasha casts a spell.
Natasha claws you!
You die...
Natasha curls up and begins to purr.

#............#......#
#............#.[....#
#...........##.####.#
#....#.........####.###
#......................
#....#.######..####.###
.....#. #..####.# ..
#.######.5.....#
#..5@h...#####
#†#####..# ... ...#
..... ...... .......
.#...### ..####.
..#...# . #... #...#
#.. #...#


You could see Natasha and 2 cerulean imps.

Vanquished Creatures
  Natasha (D:3)
  2 adders (D:2)
  A worm (D:2)
  A dart slug (D:2)
  A ball python (D:2)
  2 endoplasms (D:1)
  6 goblins
  A hobgoblin (D:2)
  3 jackals
  2 quokkas
  5 bats
  A frilled lizard (D:1)
  2 kobolds
  A rat (D:1)
29 creatures vanquished.

Notes
Turn   | Place    | Note
-------+----------+-------------------------------------------
     0 | D:1      | Malachi the Mummy Ice Elementalist began the quest for the
                  | Orb.
     0 | D:1      | Reached XP level 1. HP: 13/13 MP: 4/4
   189 | D:1      | Found a faded altar of an unknown god.
   336 | D:1      | Reached XP level 2. HP: 19/19 MP: 1/6
  1310 | D:2      | Reached XP level 3. HP: 20/24 MP: 1/8
  1659 | D:2      | Learned a level 3 spell: Frozen Ramparts
  2462 | D:3      | Identified the +1 leather armour "Wuosol" {Stlth+}
  2474 | D:3      | Identified the +4 whip "No More Talking" {heavy, rF+ Will+
                  | Str+3 Dex-4}
  2476 | D:3      | Noticed Natasha
  2485 | D:3      | Killed Natasha
  2486 | D:3      | Reached XP level 4. HP: 23/30 MP: 3/10
  2570 | D:3      | Noticed Natasha
  2579 | D:3      | Slain by Natasha

Illustrated notes

Levels and vault maps discovered:
D:1:      grunt_arrival_lava_bath, layout_basic,
          chequers_ecumenical_altar_simple_redux
D:2:      layout_basic
D:3:      layout_basic, nemelex_diamond_rough_becter, uniq_natasha

Skill      XL: |  1  2  3 |
---------------+----------+-----
Spellcasting   | 3 4 |  4.3
Ice Magic      | 4 |  4.0
Dodging        | |  1.5
Stealth        | |  1.5

Action                     |  1- 3 |  4- 6 || total
---------------------------+-------+-------++-------
  Melee: Unarmed           |    25 |       ||    25
   Fire: Sling             |    27 |     9 ||    36
   Cast: Freeze            |    46 |       ||    46
 Armour: Robe              |    54 |     7 ||    61
  Dodge: Dodged            |    85 |     5 ||    90

Table legend: (Time is in decaauts)
 A = Elapsed time spent in this place.
 B = Non-inter-level travel time spent in this place.
 C = Inter-level travel time spent in this place.
 D = Time resting spent in this place.
 E = Time spent auto-exploring this place.
 F = Levels seen in this place.
 G = Mean time per level.
                   A        B        C        D        E       F      G
               +--------+--------+--------+--------+--------+-----+--------+
         Total |   2593 |   2444 |    149 |    657 |   1476 |   3 |  864.3 |
       Dungeon |   2593 |   2444 |    149 |    657 |   1476 |   3 |  864.3 |
               +--------+--------+--------+--------+--------+-----+--------+

Top non-repeatable levels by time:
     D:2: 1349 daAuts
     D:1: 1089 daAuts
     D:3: 154 daAuts
